 Dungeon Crawl Stone Soup version 0.22-a0-467-g5c5de1c (webtiles) character file.

655 opiumtea the Magician (level 7, -10/36 HPs)
             Began as a Deep Elf Fire Elementalist on June 10, 2018.
             Was an Initiate of Sif Muna.
             Killed from afar by an adder (33 damage)
             ... with an exploding inner flame
             ... hexed by the player character
             ... on level 4 of the Dungeon.
             The game lasted 00:21:01 (4897 turns).

opiumtea the Magician (Deep Elf Fire Elementalist)  Turns: 4897, Time: 00:21:02

Health: -10/36     AC:  3    Str:  5    XL:     7   Next: 29%
Magic:  6/19       EV: 13    Int: 21    God:    Sif Muna [......]
Gold:   255        SH:  0    Dex: 16    Spells: 7/20 levels left

rFire    . . .     SeeInvis .   a - +0 dagger
rCold    . . .     Gourm    .   (no shield)
rNeg     . . .     Faith    +   g - +0 robe
rPois    .         Spirit   .   (no helmet)
rElec    .         Reflect  .   (no cloak)
rCorr    .         Harm     .   (no gloves)
MR       .....                  o - +0 pair of boots
Stlth    ++........             r - amulet of faith
HPRegen  0.12/turn              (no ring)
MPRegen  0.16/turn              (no ring)

@: lethally poisoned (-10 -> -14)
A: no striking features
a: Renounce Religion


You were on level 4 of the Dungeon.
You worshipped Sif Muna.
Sif Muna was noncommittal.
You were not hungry.

You visited 2 branches of the dungeon, and saw 5 of its levels.

You collected 255 gold pieces.

Inventory:

Hand Weapons
 a - a +0 dagger (weapon)
 b - a +0 quarterstaff
Missiles
 j - 67 stones (quivered)
 p - 20 arrows
Armour
 g - a +0 robe (worn)
 l - a +0 buckler
 o - a +0 pair of boots (worn)
Jewellery
 r - an amulet of faith (around neck)
Scrolls
 d - 3 scrolls of teleportation
 f - a scroll of enchant armour {unknown}
 h - a scroll of remove curse
 i - a scroll of identify
 t - a scroll of random uselessness {unknown}
 w - a scroll of immolation {unknown}
Potions
 e - 2 potions of lignification
 k - a potion of curing
 n - a potion of magic
 q - a potion of heal wounds {unknown}
 s - a potion of agility {unknown}
 u - a potion of might {unknown}
 v - a potion of haste {unknown}
 z - a potion of invisibility {unknown}
Comestibles
 c - 5 rations


   Skills:
 - Level 3.3 Short Blades
 - Level 2.0 Staves
 - Level 2.4 Dodging
 - Level 2.4 Stealth
 - Level 7.0 Spellcasting
 - Level 4.0 Conjurations
 - Level 3.0 Hexes
 + Level 3.4 Fire Magic


You had 7 spell levels left.
You knew the following spells:

 Your Spells              Type           Power        Failure   Level  Hunger
a - Flame Tongue          Conj/Fire      ###..        1%          1    None
b - Throw Flame           Conj/Fire      ###...       3%          2    None
c - Conjure Flame         Conj/Fire      ###.....     6%          3    #......
d - Inner Flame           Hex/Fire       ###.....     7%          3    #......
e - Sticky Flame          Conj/Fire      ###.....     19%         4    ###....

Your spell library contained the following spells:

 Spells                   Type           Power        Failure   Level  Hunger
 Fireball                 Conj/Fire      ###.......   47%         5    #####..


Dungeon Overview and Level Annotations

Branches:
Dungeon (4/15)             Temple (1/1) D:4

Altars:
Cheibriados
Dithmenos
Elyvilon
Fedhas
Hepliaklqana
Kikubaaqudgha
Makhleb
Nemelex Xobeh
Okawaru
Qazlal
Sif Muna
Trog
Uskayaw
Vehumet
The Shining One


Message History

The flame tongue misses the adder.
The adder bites you. x2
Casting: Flame Tongue (safe; 1% risk of failure)
Confirm with . or Enter, or press ? or * to list all spells.
Aiming: Flame Tongue (safe; 1% risk of failure)
Press: ? - help, Shift-Dir - straight line, f/p - adder
Aim: an adder (almost dead, inner flame)
The flame tongue misses the adder.
The adder bites you.
You are poisoned.
The adder poisons you!
You feel sick.
Casting: Flame Tongue (safe; 1% risk of failure)
Confirm with . or Enter, or press ? or * to list all spells.
Aiming: Flame Tongue (safe; 1% risk of failure)
Press: ? - help, Shift-Dir - straight line, f/p - adder
Aim: an adder (almost dead, inner flame)
The flame tongue hits the adder.
The adder explodes!
The fiery explosion engulfs you!
Ouch! That really hurt!
You die...

.## ### #.# ..##
##.###.#
...####...##.#
...'.......#.#
...####...##.#####
..## ##.........#
.## ##.##.###.# ##
#.##.# #.# #
#.#..# #@#
#.#.####.#
#...rsr§§# #
###..##### ##
#......... .#
#......r≈. ##
#....≈≈≈.≈ #####
#....§≈≈≈≈ ......
...s≈≈+##+


There were no monsters in sight!

Vanquished Creatures
  Edmund (D:4)
  An ogre (D:4)
  A phantom (D:3)
  A water moccasin skeleton (D:4)
  A hound (D:4)
  A centaur skeleton (D:4)
  A bullfrog skeleton (D:4)
  2 worker ants (D:4)
  A gnoll (D:1)
  10 adders
  2 oozes
  2 worms
  A dart slug (D:1)
  6 leopard geckos
  7 orcs (D:3)
  2 ball pythons
  8 bats
  7 giant cockroaches
  7 goblins
  2 hobgoblins (D:2)
  3 frilled lizards
  9 kobolds
  8 rats
84 creatures vanquished.

Notes
Turn   | Place    | Note
-------+----------+-------------------------------------------
     0 | D:1      | opiumtea the Deep Elf Fire Elementalist began the quest for the Orb.
     0 | D:1      | Reached XP level 1. HP: 10/10 MP: 6/6
   228 | D:1      | Reached XP level 2. HP: 5/15 MP: 0/8
   443 | D:1      | Learned a level 2 spell: Throw Flame
   856 | D:2      | Reached XP level 3. HP: 19/19 MP: 6/9
   859 | D:2      | Found a sparkling altar of Nemelex Xobeh.
  1000 | D:2      | Learned a level 3 spell: Conjure Flame
  1004 | D:2      | Learned a level 3 spell: Inner Flame
  1016 | D:2      | Reached skill level 4 in Spellcasting
  1335 | D:2      | Reached XP level 4. HP: 22/24 MP: 8/12
  1390 | D:2      | Reached skill level 5 in Spellcasting
  1471 | D:2      | Reached skill level 1 in Hexes
  1988 | D:3      | Found a snail-covered altar of Cheibriados.
  2146 | D:3      | Noticed a phantom
  2171 | D:2      | Learned a level 4 spell: Sticky Flame
  2291 | D:3      | Found an iron altar of Okawaru.
  2610 | D:3      | Reached XP level 5. HP: 28/28 MP: 8/14
  2943 | D:3      | Found a stormy altar of Qazlal.
  3108 | D:3      | Killed a phantom
  3108 | D:3      | Reached skill level 6 in Spellcasting
  3284 | D:4      | Reached skill level 7 in Spellcasting
  3284 | D:4      | Reached XP level 6. HP: 32/32 MP: 10/18
  3561 | D:4      | Reached skill level 1 in Staves
  3851 | D:4      | Found a staircase to the Ecumenical Temple.
  3863 | Temple   | Entered the Ecumenical Temple
  4106 | Temple   | Became a worshipper of Sif Muna the Loreminder
  4280 | D:4      | Reached skill level 1 in Short Blades
  4364 | D:4      | Noticed Edmund
  4414 | D:4      | Killed Edmund
  4414 | D:4      | Reached XP level 7. HP: 36/36 MP: 2/19
  4897 | D:4      | Killed from afar by an adder

Vault maps used:
D:1:      dpeg_arrival_shrine
D:2:      nemelex_altar_shiori
D:3:      marbit_many_paths, overflow_temple_1_default, old_standard_altar,
          hangedman_feature_mirror
D:4:      minmay_temple_entry_overgrown, first_ration, portal_sewer_entry_e,
          uniq_edmund
Temple:   hc_temple_tempest_star

Skill      XL: |  1  2  3  4  5  6  7 |
---------------+----------------------+-----
Conjurations   | 2 3 4 |  4.0
Spellcasting   | 4 5 7 |  7.0
Hexes          | 3 |  3.0
Staves         | 2 |  2.0
Short Blades   | 2 3 |  3.3
Dodging        | |  2.4
Stealth        | |  2.4
Fire Magic     | |  3.4

Action                   |  1- 3 |  4- 6 |  7- 9 || total
-------------------------+-------+-------+-------++-------
 Cast: Flame Tongue      |    33 |   101 |    14 ||   148
       Throw Flame       |    20 |    30 |     5 ||    55
       Conjure Flame     |     1 |    11 |       ||    12
       Inner Flame       |     1 |     3 |     1 ||     5
  Use: Scroll            |       |       |     7 ||     7
  Eat: Chunk             |     2 |     3 |     1 ||     6
       Ration            |       |     2 |       ||     2
Armor: Robe              |     4 |       |       ||     4
Dodge: Dodged            |    14 |    11 |     6 ||    31

Table legend:
 A = Spawn XP
 B = Non-spawn XP
 C = Spawn XP percentage of total XP
 D = Spawn monster count
 E = Non-spawn monster count
 F = Spawn count percentage of total count
 G = Total turns spent on level
                    A         B        C        D         E        F      G
               +---------+---------+-------+---------+---------+-------+---------
         Total |       0 |     937 |   0.0 |       0 |      84 |   0.0 |  4897
               +---------+---------+-------+---------+---------+-------+---------
           D:1 |       0 |      39 |   0.0 |       0 |      15 |   0.0 |   848
           D:2 |       0 |      89 |   0.0 |       0 |      22 |   0.0 |   982
           D:3 |       0 |     208 |   0.0 |       0 |      31 |   0.0 |  1451
           D:4 |       0 |     601 |   0.0 |       0 |      16 |   0.0 |  1275
               +---------+---------+-------+---------+---------+-------+---------
